AoeStats
← Granjadehigos

Arabian Desert

509991369Analyzed
1v1 RM · 2d ago on Sep 28, 2026· 42m 57s· 2 players
Game mode
Random Map
Map size
Tiny (2 player)
Population
200
Speed
Normal
Resources
Standard
Victory
Conquest
Starting age
Dark Age
Ending age
Imperial Age
RankedLock teamsTeams togetherTeam positionsShared explorationLock speedFull tech treeHidden civsTurbo modeCheats
Victory
Defeat
🇪🇸 Vietnamese · Spain
937
+13
🇦🇷 Slavs · Argentina
877
-13
The Oldest Judas
8:11 Loom
11:04 Feudal Age
14:35 Forging
20:46 Double-Bit Axe
24:07 Castle Age
21:53 Town Watch
24:04 Scale Barding Armor
24:26 Bloodlines
24:54 Pikeman
27:38 Bow Saw
39:49 Imperial Age
Granjadehigos
0:29 Loom
9:55 Feudal Age
10:37 Double-Bit Axe
16:39 Horse Collar
18:21 Gold Mining
21:44 Castle Age
21:22 Wheelbarrow
21:56 Bloodlines
22:15 Stone Mining
23:44 Husbandry
27:34 Scale Barding Armor
29:59 Bow Saw
31:56 Stone Shaft Mining
32:52 Hand Cart
38:05 Chain Barding Armor
37:56 Forging
41:43 Imperial Age
43:35 Paper Money
Connection lost

Rejoining the realm…

Still unreachable

The connection could not be restored.

Session expired

The server has moved on; the page needs a fresh start.